SL
NEW AMSTERDAM DUTCHMEN @ NASHVILLE OUTLAWS
04/15/2034
 
TOP OF THE 1ST
New Amsterdam Dutchmen batting - Pitching for Nashville Outlaws : RHP Matthew Fallows
Pitching: RHP Matthew Fallows
Batting: LHB Takayuki Yoshikawa 0-0: Foul Ball, location: 2F
0-1: Ball
1-1: Ball
2-1: Foul Ball, location: 2F
2-2: Foul Ball, location: 2F
2-2: Foul Ball, location: 2F
2-2: Strikes out swinging
Batting: LHB Carlos Campos 0-0: Called Strike
0-1: Called Strike
0-2: Ball
1-2: Foul Ball, location: 2F
1-2: Foul Ball, location: 2F
1-2: Ball
2-2: Strikes out swinging
Batting: RHB António Martínez 0-0: Ball
1-0: Called Strike
1-1: Ball
2-1: DOUBLE (Line Drive, 7D)
Batting: LHB Divine Diablo 0-0: Called Strike
0-1: Ball
1-1: Foul Ball, location: 2F
1-2: SINGLE (Line Drive, 89S)
António Martínez to third
Runner from 3rd tries for Home, SAFE, no throw
Batting: LHB SaQwan Hackett 0-0: Ball
1-0: Ball
2-0: Swinging Strike
2-1: Called Strike
2-2: Strikes out looking
Top of the 1st over - 1 run, 2 hits, 0 errors, 1 left on base; New Amsterdam 1 - Nashville 0
BOTTOM OF THE 1ST
Nashville Outlaws batting - Pitching for New Amsterdam Dutchmen : RHP Kyle Boddy
Pitching: RHP Kyle Boddy
Batting: LHB Bartolo Soto 0-0: SINGLE (Groundball, 5D)
Batting: RHB Orlando Reyes 0-0: Ball
1-0: Fielders Choice at 2nd, 4-6 (Groundball, 4M)
Batting: LHB Mario Ramos 0-0: Called Strike
0-1: Swinging Strike
0-2: Foul Ball, location: 2F
0-2: Foul Ball, location: 2F
0-2: Foul Ball, location: 2F
0-2: Strikes out swinging
Batting: RHB Jerry Yates 0-0: Ball
1-0: Ball
2-0: Foul Ball, location: 2F
2-1: Called Strike
Orlando Reyes steals 2nd base
2-2: Ground out 1-3 (Groundball, 15S)
Bottom of the 1st over - 0 runs, 1 hit, 0 errors, 1 left on base; New Amsterdam 1 - Nashville 0
TOP OF THE 2ND
New Amsterdam Dutchmen batting - Pitching for Nashville Outlaws : RHP Matthew Fallows
Batting: RHB Pedro Santos 0-0: Called Strike
0-1: Ball
1-1: Called Strike
1-2: Strikes out swinging
Batting: RHB Kyu-cheol Kye 0-0: Ball
1-0: Called Strike
1-1: Ball
2-1: Ground out 5-3 (Groundball, 56)
Batting: RHB Heherson Inaris 0-0: Called Strike
0-1: Foul Ball, location: 2F
0-2: Strikes out looking
Top of the 2nd over - 0 runs, 0 hits, 0 errors, 0 left on base; New Amsterdam 1 - Nashville 0
BOTTOM OF THE 2ND
Nashville Outlaws batting - Pitching for New Amsterdam Dutchmen : RHP Kyle Boddy
Batting: LHB Bora Garasanin 0-0: Ball
1-0: Ball
2-0: Called Strike
2-1: Called Strike
2-2: Strikes out looking
Batting: RHB Arnold Giroux 0-0: Ball
1-0: Swinging Strike
1-1: Ball
2-1: Ground out 5-3 (Groundball, 56S)
Batting: LHB Myron Rosenbalm 0-0: Ball
1-0: Ball
2-0: Ball
3-0: Called Strike
3-1: Base on Balls
Batting: LHB Juan Caro 0-0: Ball
1-0: Ball
2-0: Called Strike
2-1: Fly out, F1 (Line Drive, 15S)
Bottom of the 2nd over - 0 runs, 0 hits, 0 errors, 1 left on base; New Amsterdam 1 - Nashville 0
TOP OF THE 3RD
New Amsterdam Dutchmen batting - Pitching for Nashville Outlaws : RHP Matthew Fallows
Batting: RHB Ricardo Pulido 0-0: Ball
1-0: Ball
2-0: Ball
3-0: Called Strike
3-1: Ground out 6-3 (Groundball, 6)
Batting: LHB Takayuki Yoshikawa 0-0: Called Strike
0-1: Ball
1-1: Called Strike
1-2: Foul Ball, location: 2F
1-2: Ball
2-2: Strikes out swinging
Batting: LHB Carlos Campos 0-0: Ball
1-0: Foul Ball, location: 2F
1-1: SINGLE (Groundball, 34D)
Batting: RHB António Martínez 0-0: Ball
1-0: Ball
2-0: Called Strike
2-1: Ball
3-1: Called Strike
3-2: Base on Balls
Carlos Campos to second
Batting: LHB Divine Diablo 0-0: Ball
1-0: Called Strike
1-1: Swinging Strike
1-2: Strikes out looking
Top of the 3rd over - 0 runs, 1 hit, 0 errors, 2 left on base; New Amsterdam 1 - Nashville 0
BOTTOM OF THE 3RD
Nashville Outlaws batting - Pitching for New Amsterdam Dutchmen : RHP Kyle Boddy
Batting: RHB Greg Schiff 0-0: Ball
1-0: Fly out, F5 (Line Drive, 6S)
Batting: LHB Bartolo Soto 0-0: Ball
1-0: Swinging Strike
1-1: Fly out, F4 (Line Drive, 4)
Batting: RHB Orlando Reyes 0-0: Called Strike
0-1: Ball
1-1: Ball
2-1: Ground out 4-3 (Groundball, 4)
Bottom of the 3rd over - 0 runs, 0 hits, 0 errors, 0 left on base; New Amsterdam 1 - Nashville 0
TOP OF THE 4TH
New Amsterdam Dutchmen batting - Pitching for Nashville Outlaws : RHP Matthew Fallows
Batting: LHB SaQwan Hackett 0-0: Called Strike
0-1: Ball
1-1: Foul Ball, location: 2F
1-2: Ball
2-2: Strikes out swinging, 2-3 out at first.
Batting: RHB Pedro Santos 0-0: Foul Ball, location: 2F
0-1: Ground out 4-3 (Groundball, 4M)
Batting: RHB Kyu-cheol Kye 0-0: Called Strike
0-1: Called Strike
0-2: Strikes out swinging
Top of the 4th over - 0 runs, 0 hits, 0 errors, 0 left on base; New Amsterdam 1 - Nashville 0
BOTTOM OF THE 4TH
Nashville Outlaws batting - Pitching for New Amsterdam Dutchmen : RHP Kyle Boddy
Batting: LHB Mario Ramos 0-0: Fly out, F7 (Flyball, 7S)
Batting: RHB Jerry Yates 0-0: Ball
1-0: Ball
2-0: Foul Ball, location: 2F
2-1: Fly out, F4 (Flyball, 4D)
Batting: LHB Bora Garasanin 0-0: Foul Ball, location: 2F
0-1: Ball
1-1: Called Strike
1-2: Fly out, F9 (Line Drive, 9LM)
Bottom of the 4th over - 0 runs, 0 hits, 0 errors, 0 left on base; New Amsterdam 1 - Nashville 0
TOP OF THE 5TH
New Amsterdam Dutchmen batting - Pitching for Nashville Outlaws : RHP Matthew Fallows
Pitching: RHP Jorge Villanueva
Batting: RHB Heherson Inaris 0-0: Ball
1-0: Ball
2-0: Ball
3-0: Base on Balls
Batting: RHB Ricardo Pulido 0-0: Ball
Throwing error on steal attempt, E2
Heherson Inaris to third
1-0: Intentional Walk
Batting: LHB Takayuki Yoshikawa 0-0: Ball
1-0: Fly out, F7 (Flyball, 78M)
Runner from 3rd tags up, SCORES, no throw
Batting: LHB Carlos Campos 0-0: Ball
Ricardo Pulido is caught stealing 2nd base
1-0: Foul Ball, location: 2F
1-1: Ground out 4-3 (Groundball, 4M)
Top of the 5th over - 1 run, 0 hits, 1 error, 0 left on base; New Amsterdam 2 - Nashville 0
BOTTOM OF THE 5TH
Nashville Outlaws batting - Pitching for New Amsterdam Dutchmen : RHP Kyle Boddy
Pitching: LHP Jamey Crockett
Batting: RHB Arnold Giroux 0-0: Foul Ball, location: 2F
0-1: Ball
1-1: Called Strike
1-2: Ball
2-2: Ball
3-2: SINGLE (Line Drive, 8LS)
Batting: LHB Myron Rosenbalm 0-0: SINGLE (Line Drive, 9S)
Arnold Giroux to second
Runner from 2nd tries for 3rd, SAFE, no throw
Batting: LHB Juan Caro 0-0: Ball
1-0: Foul Ball, location: 2F
1-1: Ground out 5-3 (Groundball, 5)
Myron Rosenbalm to second
Batting: RHB Greg Schiff 0-0: Ball
1-0: Ball
2-0: Hit by Pitch
Batting: LHB Bartolo Soto 0-0: Grounds into fielders choice 1-2 (Groundball, P)
Myron Rosenbalm to third
Greg Schiff to second
Batting: RHB Orlando Reyes 0-0: Ground out 4-3 (Groundball, 4)
Bottom of the 5th over - 0 runs, 2 hits, 0 errors, 3 left on base; New Amsterdam 2 - Nashville 0
TOP OF THE 6TH
New Amsterdam Dutchmen batting - Pitching for Nashville Outlaws : RHP Jorge Villanueva
Batting: RHB António Martínez 0-0: Ball
1-0: Foul Ball, location: 2F
1-1: Foul Ball, location: 2F
1-2: Strikes out swinging
Batting: LHB Divine Diablo 0-0: Fly out, F8 (Flyball, 89M)
Batting: LHB SaQwan Hackett 0-0: Ball
1-0: Called Strike
1-1: Ground out 4-3 (Groundball, 4MS)
Top of the 6th over - 0 runs, 0 hits, 0 errors, 0 left on base; New Amsterdam 2 - Nashville 0
BOTTOM OF THE 6TH
Nashville Outlaws batting - Pitching for New Amsterdam Dutchmen : LHP Jamey Crockett
Batting: LHB Mario Ramos 0-0: Swinging Strike
0-1: Ball
1-1: Ball
2-1: Foul Ball, location: 2F
2-2: Foul Ball, location: 2F
2-2: Strikes out swinging
Batting: RHB Jerry Yates 0-0: Called Strike
0-1: Ball
1-1: Fly out, F7 (Line Drive, 7D)
Pitching: RHP Nelle Liefting
Batting: LHB Bora Garasanin 0-0: Called Strike
0-1: Swinging Strike
0-2: Strikes out swinging
Bottom of the 6th over - 0 runs, 0 hits, 0 errors, 0 left on base; New Amsterdam 2 - Nashville 0
TOP OF THE 7TH
New Amsterdam Dutchmen batting - Pitching for Nashville Outlaws : RHP Jorge Villanueva
Batting: RHB Pedro Santos 0-0: Ball
1-0: Ball
2-0: Called Strike
2-1: Swinging Strike
2-2: Foul Ball, location: 2F
2-2: Ball
3-2: Base on Balls
Batting: RHB Kyu-cheol Kye 0-0: Ball
1-0: Ball
2-0: Ball
3-0: Called Strike
3-1: Foul Ball, location: 2F
3-2: Foul Ball, location: 2F
3-2: Strikes out swinging
Batting: RHB Heherson Inaris 0-0: SINGLE (Line Drive, 89S)
Pedro Santos to second
Pinch Hitting: LHB Ángel Ríos 0-0: Ball
1-0: Swinging Strike
1-1: Ground out U3 (Groundball, 34S)
Pedro Santos to third
Heherson Inaris to second
Pinch Hitting: RHB Bart Lewis 0-0: Intentional Walk
Pinch Hitting: LHB Dallas McMurran 0-0: Swinging Strike
0-1: Foul Ball, location: 2F
0-2: Strikes out swinging
Top of the 7th over - 0 runs, 1 hit, 0 errors, 3 left on base; New Amsterdam 2 - Nashville 0
BOTTOM OF THE 7TH
Nashville Outlaws batting - Pitching for New Amsterdam Dutchmen : RHP Nelle Liefting
Now at 2B: Júlio Flores
Now at SS: Dallas McMurran
Now in CF: Ed Blackett
Batting: RHB Arnold Giroux 0-0: Swinging Strike
0-1: Ball
1-1: Fly out, F4 (Popup, 4)
Batting: LHB Myron Rosenbalm 0-0: Called Strike
0-1: Ball
1-1: Ball
2-1: Ball
3-1: Swinging Strike
3-2: Foul Ball, location: 2F
3-2: Base on Balls
Batting: LHB Juan Caro 0-0: Called Strike
0-1: Fly out, F8 (Flyball, 8LM)
Batting: RHB Greg Schiff 0-0: SINGLE (Line Drive, 7S)
Myron Rosenbalm to second
Pinch Hitting: RHB Scott Donlan 0-0: Called Strike
0-1: Ground out 6-3 (Groundball, 6S)
Bottom of the 7th over - 0 runs, 1 hit, 0 errors, 2 left on base; New Amsterdam 2 - Nashville 0
TOP OF THE 8TH
New Amsterdam Dutchmen batting - Pitching for Nashville Outlaws : RHP Jorge Villanueva
Now in RF: Mariano Sánchez
Batting: RHB António Martínez 0-0: Ball
1-0: Ball
2-0: Called Strike
2-1: Swinging Strike
2-2: Foul Ball, location: 2F
2-2: Foul Ball, location: 2F
2-2: Strikes out swinging
Batting: LHB Divine Diablo 0-0: Ball
1-0: Foul Ball, location: 2F
1-1: Ball
2-1: Fly out, F8 (Flyball, 8RXD)
Pinch Hitting: RHB Armaan Ebrahim 0-0: Ground out 5-3 (Groundball, 56)
Top of the 8th over - 0 runs, 0 hits, 0 errors, 0 left on base; New Amsterdam 2 - Nashville 0
BOTTOM OF THE 8TH
Nashville Outlaws batting - Pitching for New Amsterdam Dutchmen : RHP Nelle Liefting
Now in LF: Armaan Ebrahim
Pinch Hitting: RHB Tom Boyer 0-0: Ball
1-0: Called Strike
1-1: Swinging Strike
1-2: Strikes out looking
Batting: LHB Mario Ramos 0-0: Foul Ball, location: 2F
0-1: Ball
1-1: Ball
2-1: Fly out, F7 (Flyball, 7LD)
Batting: RHB Jerry Yates 0-0: Ball
1-0: DOUBLE (Line Drive, 7D)
Batting: LHB Bora Garasanin 0-0: Called Strike
0-1: Ball
1-1: Ball
2-1: Ball
3-1: Base on Balls
Batting: RHB Arnold Giroux 0-0: Called Strike
0-1: Swinging Strike
0-2: DOUBLE (Line Drive, 9D)
Jerry Yates scores
Bora Garasanin to third
Batting: LHB Myron Rosenbalm 0-0: Ball
1-0: Ball
2-0: Swinging Strike
2-1: SINGLE (Groundball, 34D)
Bora Garasanin scores
Arnold Giroux to third
Runner from 3rd tries for Home, SAFE, no throw
Pitching: LHP Morlack Spurgeon
Batting: LHB Juan Caro 0-0: Ground out 4-3 (Groundball, 4)
Bottom of the 8th over - 3 runs, 3 hits, 0 errors, 1 left on base; New Amsterdam 2 - Nashville 3
TOP OF THE 9TH
New Amsterdam Dutchmen batting - Pitching for Nashville Outlaws : RHP Jorge Villanueva
Pitching: RHP Kenete Daku
Now at 3B: Tom Boyer
Batting: RHB Kyle Vandenbrink 0-0: Ball
1-0: Called Strike
1-1: Called Strike
1-2: Strikes out swinging
Pinch Hitting: RHB Sheldon Deshotels 0-0: Ball
1-0: Swinging Strike
1-1: Fly out, F9 (Flyball, 9S)
Batting: RHB Heherson Inaris 0-0: Foul Ball, location: 2F
0-1: SINGLE (Flyball, 7LS)
Batting: SHB Ed Blackett 0-0: Called Strike
0-1: Ball
1-1: Ground out 4-3 (Groundball, 4)
Top of the 9th over - 0 runs, 1 hit, 0 errors, 1 left on base; New Amsterdam 2 - Nashville 3
Friday, March 29th, 2019 - OOTP Baseball 18.8 Build 76